 Dungeon Crawl Stone Soup version 0.26.0-45-g9c1d065592 (webtiles) character file.

Game seed: 14338267206207431684

752431 Morgon the Impregnable (level 27, -29/193 HPs)
             Began as a Gargoyle Fighter on Jan 24, 2021.
             Was the Champion of Zin.
             Killed from afar by an orb of fire (81 damage)
             ... with a fireball
             ... on level 5 of the Realm of Zot on Jan 27, 2021.
             The game lasted 10:27:23 (82745 turns).

Morgon the Impregnable (Gargoyle Fighter)          Turns: 82745, Time: 10:27:24

Health: -29/193    AC: 74    Str: 34    XL:     27
Magic:  42/42      EV: 18    Int: 23    God:    Zin [******]
Gold:   10148      SH: 20    Dex: 14    Spells: 23/56 levels left

rFire    . . .     SeeInvis .   b - +9 eveningstar (freeze)
rCold    + . .     Faith    .   K - +0 kite shield {reflect}
rNeg     + + +     Spirit   .   O - +8 orange crystal plate armour {Archmagi, Int+3 Clar}
rPois    ∞         Reflect  +   N - +1 helmet of Noughts and Crosses {Will+ Regen+ Slay+3}
rElec    +         Harm     .   C - +2 cloak {Will+}
rCorr    .         Rampage  .   G - +2 pair of gloves {Str+3}
Will     ++++.     Clarity  +   D - +2 pair of boots of Perpetual Drought {Regen+ Str+3 Int+3}
Stlth    ..........             Q - amulet "Qeistre" {Reflect rC+ Str+4 SH+5}
HPRegen  1.22/turn              L - ring of Olil {Wiz Dex+3}
MPRegen  0.28/turn              M - ring "Metweacs" {rN++ EV+4 Str-4 Int+3}

@: flying
A: big wings, talons 2, negative energy resistance 1, electricity resistance,
strong 1, unbreathing, petrification resistance, miasma immunity, AC +20
}: 4/15 runes: barnacled, slimy, silver, gossamer
a: Stop Flying, Renounce Religion, Recite, Vitalisation, Imprison, Sanctuary,
Donate Gold


You were on level 5 of the Realm of Zot.
You worshipped Zin.
Zin was exalted by your worship.
You visited 13 branches of the dungeon, and saw 59 of its levels.
You visited the Abyss 1 time.
You visited 1 bazaar.
You visited 1 ziggurat, and saw 13 of its levels.
You also visited: Sewer and Volcano.

You collected 27520 gold pieces.
You spent 7621 gold pieces at shops.
You donated 206 gold pieces to Zin.
You paid 9545 gold pieces to Gozag.

Inventory:

Hand Weapons
 a - a +9 sacred scourge of holy wrath
 b - a +9 eveningstar of freezing (weapon)
Missiles
 n - 10 throwing nets (quivered)
Armour
 C - a +2 cloak of willpower (worn)
 D - the +2 pair of boots of Perpetual Drought (worn) {Regen+ Str+3 Int+3}
   (You found it on level 6 of the Dungeon)

   It affects your strength (+3).
   It affects your intelligence (+3).
   It increases your rate of regeneration.
 G - a +2 pair of gloves of strength (worn)
 K - a +0 kite shield of reflection (worn)
 N - the +1 helmet of Noughts and Crosses (worn) {Will+ Regen+ Slay+3}
   (You found it on level 3 of the Elven Halls)

   It affects your accuracy and damage with ranged weapons and melee attacks
   (+3).
   It affects your willpower, your defense against some magical effects.
   It increases your rate of regeneration.
 O - the +8 orange crystal plate armour (worn) {Archmagi, Int+3 Clar}
   (You bought it in a shop on level 1 of the Lair of Beasts)

   It affects your intelligence (+3).
   It protects you against confusion.
 W - the +3 warlock's mirror {reflect}
   (You bought it in a shop on level 5 of the Vaults)
 X - the +6 tower shield of the Wary Xenophobes {rPois}
   (You found it on level 12 of a ziggurat)

   It protects you from poison.
Jewellery
 q - an uncursed ring of see invisible
 L - the ring of Olil (left hand) {Wiz Dex+3}
   (You acquired it on level 3 of the Vaults)

   [ring of wizardry]

   It improves your spell success rate.
   It affects your dexterity (+3).
 M - the ring "Metweacs" (right hand) {rN++ EV+4 Str-4 Int+3}
   (You bought it in a shop in a bazaar)

   [ring of evasion]

   It affects your evasion (+4).
   It affects your strength (-4).
   It affects your intelligence (+3).
   It greatly protects you from negative energy.
 P - the amulet of Pessimism {Reflect rF+ SH+5}
   (You found it on level 11 of a ziggurat)

   [amulet of reflection]

   It shields you and reflects attacks.
   It protects you from fire.
   It affects your SH (+5).
 Q - the amulet "Qeistre" (around neck) {Reflect rC+ Str+4 SH+5}
   (You found it on level 13 of a ziggurat)

   [amulet of reflection]

   It shields you and reflects attacks.
   It affects your strength (+4).
   It protects you from cold.
   It affects your SH (+5).
 R - an uncursed ring of resist corrosion
 Z - the amulet of Zesitaf {Spirit rF+ Will+ Str+3}
   (You found it on level 13 of a ziggurat)

   [amulet of guardian spirit]

   It causes incoming damage to be split between your health and magic.
   It affects your strength (+3).
   It protects you from fire.
   It affects your willpower, your defense against some magical effects.
Wands
 c - a wand of iceblast (113)
 d - a wand of acid (57)
 g - a wand of digging (16)
 o - a wand of paralysis (18)
Scrolls
 i - 12 scrolls of identify
 k - 27 scrolls of remove curse
 l - 23 scrolls of teleportation
 m - 9 scrolls of magic mapping
 s - 14 scrolls of blinking
 x - 2 scrolls of holy word
 y - 2 scrolls of silence
 z - a scroll of summoning
 F - a scroll of amnesia
 H - 19 scrolls of fog
 I - 12 scrolls of fear
 S - a scroll of enchant weapon
 T - a scroll of enchant armour
Potions
 e - a potion of brilliance
 f - 6 potions of invisibility
 h - 5 potions of resistance
 j - 3 potions of might
 u - 25 potions of curing
 v - 15 potions of attraction
 w - 2 potions of heal wounds
 A - 3 potions of ambrosia
 B - a potion of mutation
 E - 6 potions of cancellation
 J - a potion of magic
Miscellaneous
 p - a phial of floods
 r - a lightning rod (4/4)
 t - a tin of tremorstones (2/2)
 V - a phantom mirror


   Skills:
 - Level 25.0 Fighting
 - Level 16.0 Maces & Flails
 - Level 25.0 Armour
 - Level 11.0 Dodging
 - Level 15.0 Shields
 - Level 15.0 Spellcasting
 - Level 15.0 Conjurations
 - Level 8.0 Translocations
 - Level 10.0 Fire Magic
 - Level 20.0 Earth Magic
 + Level 23.0 Invocations


You had 23 spell levels left.
You knew the following spells:

 Your Spells              Type           Power        Failure   Level
a - Iron Shot             Conj/Erth      49%          1%          6
b - Iskenderun's Battles  Conj           92%          1%          5
c - Bolt of Magma         Conj/Fire/Erth 46%          1%          5
d - Lee's Rapid Deconstr  Erth           52%          1%          5
e - Iskenderun's Mystic   Conj/Tloc      81%          1%          4
f - Fireball              Conj/Fire      42%          1%          5
k - Blink                 Tloc           N/A          1%          2
p - Apportation           Tloc           100%         1%          1

Your spell library contained the following spells:

 Spells                   Type           Power        Failure   Level
 Sandblast                Erth           100%         0%          1
 Foxfire                  Conj/Fire      100%         1%          1
 Magic Dart               Conj           100%         1%          1
 Shock                    Conj/Air       100%         1%          1
 Passwall                 Tmut/Erth      63%          1%          2
 Searing Ray              Conj           100%         1%          2
 Conjure Flame            Conj/Fire      84%          1%          3
 Dazzling Flash           Conj/Hex       100%         1%          3
 Gell's Gravitas          Tloc           34%          1%          3
 Lesser Beckoning         Tloc           34%          1%          3
 Static Discharge         Conj/Air       67%          1%          3
 Stone Arrow              Conj/Erth      100%         1%          3
 Leda's Liquefaction      Hex/Erth       38%          1%          4
 Petrify                  Tmut/Erth      76%          1%          4
 Sticky Flame             Conj/Fire      84%          1%          4
 Inner Flame              Hex/Fire       57%          2%          3
 Mephitic Cloud           Conj/Pois/Air  57%          2%          3
 Fulminant Prism          Conj/Hex       33%          3%          4
 Hailstorm                Conj/Ice       67%          3%          4
 Borgnjor's Vile Clutch   Necr/Erth      38%          3%          5
 Portal Projectile        Hex/Tloc       100%         4%          3
 Ignite Poison            Fire/Tmut/Pois 48%          6%          3
 Starburst                Conj/Fire      42%          6%          6
 Animate Skeleton         Necr           50%          7%          1
 Beastly Appendage        Tmut           50%          7%          1
 Corona                   Hex            27%          7%          1
 Freeze                   Ice            100%         7%          1
 Pain                     Necr           100%         7%          1
 Sting                    Tmut/Pois      100%         7%          1
 Summon Small Mammal      Summ           100%         7%          1
 Lightning Bolt           Conj/Air       33%          9%          5
 Call Imp                 Summ           25%          11%         2
 Ensorcelled Hibernation  Hex/Ice        50%          11%         2
 Poisonous Vapours        Pois/Air       50%          11%         2
 Slow                     Hex            25%          11%         2
 Swiftness                Air            25%          11%         2
 Wereblood                Tmut           25%          11%         2
 Orb of Destruction       Conj           46%          12%         7
 Call Canine Familiar     Summ           25%          21%         3
 Confusing Touch          Hex            25%          21%         3
 Frozen Ramparts          Ice            50%          21%         3
 Ozocubu's Armour         Ice            25%          21%         3
 Spider Form              Tmut/Pois      12%          21%         3
 Summon Guardian Golem    Hex/Summ       25%          21%         3
 Tukima's Dance           Hex            25%          21%         3
 Vampiric Draining        Necr           12%          21%         3
 Lehudib's Crystal Spear  Conj/Erth      49%          32%         8
 Summon Forest            Summ/Tloc      26%          34%         5
 Dispersal                Tloc           34%          36%         6
 Conjure Ball Lightning   Conj/Air       33%          43%         6
 Airstrike                Air            12%          52%         4
 Cause Fear               Hex            12%          52%         4
 Ice Form                 Ice/Tmut       25%          52%         4
 Olgreb's Toxic Radiance  Pois           25%          52%         4
 Summon Ice Beast         Ice/Summ       25%          52%         4
 Summon Lightning Spire   Summ/Air       25%          52%         4
 Freezing Cloud           Conj/Ice/Air   28%          77%         6
 Alistair's Intoxication  Tmut/Pois      16%          86%         5
 Blade Hands              Tmut           12%          86%         5
 Metabolic Englaciation   Hex/Ice        12%          86%         5
 Silence                  Hex/Air        12%          86%         5
 Summon Demon             Summ           12%          86%         5
 Summon Mana Viper        Hex/Summ       25%          86%         5
 Yara's Violent Unravell  Hex/Tmut       12%          86%         5
 Ignition                 Fire           38%          99%         8
 Death Channel            Necr           12%          100%        6
 Eringya's Noxious Bog    Tmut/Pois      12%          100%        6
 Invisibility             Hex            25%          100%        6
 Ozocubu's Refrigeration  Ice            12%          100%        6
 Shadow Creatures         Summ           N/A          100%        6
 Simulacrum               Ice/Necr       12%          100%        6
 Haunt                    Necr/Summ      12%          100%        7
 Malign Gateway           Summ/Tloc      26%          100%        7
 Monstrous Menagerie      Summ           12%          100%        7
 Summon Greater Demon     Summ           12%          100%        7
 Summon Hydra             Summ           12%          100%        7
 Borgnjor's Revivificati  Necr           12%          100%        8
 Chain Lightning          Conj/Air       33%          100%        8
 Disjunction              Tloc           34%          100%        8
 Infestation              Necr           12%          100%        8
 Necromutation            Tmut/Necr      12%          100%        8
 Summon Horrible Things   Summ           12%          100%        8
 Absolute Zero            Ice            12%          100%        9
 Death's Door             Necr           12%          100%        9
 Fire Storm               Conj/Fire      42%          100%        9
 Tornado                  Air            12%          100%        9
 Statue Form              Tmut/Erth      Unusable     N/A         6

Dungeon Overview and Level Annotations

Branches:
Dungeon (15/15)            Temple (1/1) D:5            Lair (6/6) D:9
 Shoals (4/4) Lair:2       Spider (4/4) Lair:4        Slime (5/5) Lair:6
    Orc (2/2) D:9             Elf (3/3) Orc:2        Vaults (5/5) D:13
  Crypt (3/3) Vaults:2       Tomb (0/3) Crypt:3      Depths (5/5) D:15
   Hell (visited)             Dis (0/7) Hell            Geh (0/7) Hell
    Coc (0/7) Hell            Tar (0/7) Hell            Zot (5/5) Depths:5
  Sewer (visited)         Volcano (visited)

Altars:
Ashenzari
Cheibriados
Dithmenos
Elyvilon
Fedhas
Gozag
Hepliaklqana
Kikubaaqudgha
Makhleb
Nemelex Xobeh
Okawaru
Qazlal
Ru
Sif Muna
Trog
Uskayaw
Vehumet
Wu Jian
Xom
Yredelemnul
Zin
The Shining One
Beogh
Jiyva
Lugonu

Shops:
D:5 !   D:8 !   D:15 !   Orc:2 ?!*!   Elf:1 ?   Elf:3 [([}(   Lair:1 [[(=[*[[
Shoals:1 ![*   Shoals:4 :   Vaults:5 [   Depths:5 }(([[

Portals:
Hell: Depths:1 Depths:2 Depths:3 Depths:4 Depths:5
Abyss: Orc:1 Depths:3 Depths:4 Depths:5
Pandemonium: Depths:3 Depths:4

Annotations:
D:11 3 runed translucent doors, Charmandara's ghost, journeyman GrEE
Orc:1 2 transporters, Goxav's ghost, journeyman HaWz
Depths:1 1 runed translucent door, Xaggyof's ghost, veteran MiFi
Zot:3 1 transporter


Innate Abilities, Weirdness & Mutations

You are resistant to torment.
Your stone body is resilient. (AC +20)
You are immune to poison.
Your large and strong wings let you fly indefinitely.
You resist negative energy. (rN+)
You are resistant to electric shocks. (rElec)
You can survive without breathing.
You are immune to petrification.
You are immune to miasma.
You have razor-sharp toenails.
Your muscles are strong. (Str +2)


Message History

The fireball engulfs the orb of fire.
The orb of fire completely resists.
You puncture the orb of fire! You freeze the orb of fire.
The orb of fire is lightly damaged.
The electric golem hurls lightning at you.
The bolt of lightning hits the orb of fire.
The orb of fire completely resists.
The bolt of lightning hits you but does no damage.
You crush the orb of fire like a grape!!!
You freeze the orb of fire.
The orb of fire is heavily damaged.
You hear a shout!
You hear a roar!
The orb of fire glows deep purple.
The fireball explodes!
The fireball engulfs you!!!
* * * LOW HITPOINT WARNING * * *
The fireball engulfs the orb of fire.
The orb of fire completely resists.
You closely miss the orb of fire.
The orb of fire is heavily damaged.
The orb of fire glows red.
The fireball explodes!
The fireball engulfs you!!!!
You die...

#▓▓▓▓▓▓▓▓▓▓▓##.
###..@*X......... #
##....##8.........
###########...###...........
...........).###............
............## #............
............# #............
...........## #..........^.
...........# #.....^.^....
........^..## #.........)..


You could see an orb of fire, an electric golem and an Orb Guardian (dazed).

Vanquished Creatures
  the Royal Jelly (Slime:5)
  3 orbs of fire
  2 juggernauts
  4 ancient liches
  Khufu (Crypt:3)
  Mennas (Vaults:3)
  7 Killer Klowns
  Saint Roka (Vaults:3)
  Frederick (Vaults:5)
  Geryon (Hell)
  2 curse toes
  7 caustic shrikes
  9 golden dragons
  Nikola (Vaults:1)
  3 profane servitors
  Jory (Vaults:3)
  A bone dragon (Crypt:3)
  Arachne (Spider:2)
  2 electric golems
  2 hellephants (Zot:4)
  9 Orb Guardians
  10 liches
  Jorgrun (Orc:1)
  15 tentacled monstrosities
  5 deep elf master archers
  4 deep elf blademasters
  6 titans
  Asterion (Vaults:3)
  8 quicksilver dragons
  7 tentacled starspawn
  23 acid blobs
  10 death cobs
  6 sphinxes
  7 shadow dragons
  Polyphemus (Shoals:2)
  13 ancient champions
  6 revenants
  17 storm dragons
  Kirke (Spider:3)
  6 draconian monks
  A storm dragon (shapeshifter) (Vaults:5)
  7 tengu reavers
  Donald (Orc:2)
  The ghost of Kipt the Spry, an adept SpFE of Dithmenos (Vaults:2)
  10 azure jellies
  Ilsuiw (Shoals:2)
  10 fire giants
  5 draconian knights
  10 frost giants
  2 balrugs
  8 vault wardens
  3 draconian scorchers
  2 orc warlords
  Aizul (Shoals:2)
  8 emperor scorpions
  A corrupter (Zig:4)
  6 ghost moths
  A caustic shrike zombie (Crypt:1)
  6 deep elf sorcerers
  2 deep elf elementalists
  An angel (Abyss:3)
  4 curse skulls
  7 reapers
  5 draconian annihilators
  3 draconian shifters
  3 spriggan defenders
  3 draconian stormcallers
  A war gargoyle (Vaults:4)
  7 ghouls
  19 very ugly things
  18 stone giants
  11 ironheart preservers
  9 vampire knights
  5 dire elephants
  11 red draconians
  16 purple draconians
  9 green draconians
  An entropy weaver (Vaults:4)
  12 deep elf annihilators
  11 deep elf demonologists
  5 black draconians
  4 white draconians
  A spark wasp (shapeshifter) (Depths:2)
  9 spark wasps
  15 ettins
  5 yellow draconians
  The ghost of Strat the Fighter, a journeyman VSHu of Uskayaw (Lair:6)
  2 crystal guardians
  Snorg (Orc:1)
  5 blizzard demons
  3 eidola
  7 merfolk javelineers
  11 merfolk impalers
  2 mummy priests (Crypt:3)
  11 fire dragons
  12 deep elf death magi
  9 death oozes
  21 yaktaur captains
  8 deep elf high priests
  16 jiangshi
  9 great orbs of eyes
  25 vault guards
  3 catoblepae
  6 rakshasas
  12 ice dragons
  8 boulder beetles
  4 spriggan air magi
  8 hydras
  A hell beast (Depths:3)
  7 centaur warriors
  13 deep troll shamans
  An alligator snapping turtle (Shoals:4)
  6 merfolk aquamancers
  18 ogre magi
  3 merfolk avatars
  6 satyrs
  7 dancing weapons
  10 death knights
  5 tengu warriors
  10 vampire magi
  12 death yaks
  A death yak (shapeshifter) (Zig:2)
  A spectral frost giant (Crypt:3)
  52 two-headed ogres
  Urug (Orc:1)
  9 hell hogs
  5 deep troll earth magi
  5 spriggan berserkers
  10 sun demons
  2 orc high priests
  9 thrashing horrors
  10 soul eaters
  110 slime creatures
  A storm dragon zombie (Crypt:2)
  21 deep elf knights
  11 hell knights
  A fire crab (Zig:3)
  5 wretched stars
  11 shadow wraiths
  A sixfirhy (Depths:4)
  6 iron trolls
  An anaconda zombie (Hell)
  59 skeletal warriors
  17 sea snakes
  2 spriggan druids (Zig:10)
  A goliath frog (shapeshifter) (Depths:3)
  5 glowing orange brains
  A death drake (Vaults:2)
  4 unseen horrors
  8 flayed ghosts
  14 ironbrand convokers
  5 wizards
  2 anaconda skeletons (Hell)
  3 obsidian statues
  19 deep elf archers
  A spectral hydra (Crypt:3)
  26 deep trolls
  3 orange crystal statues
  20 orc knights
  10 phantasmal warriors
  A gelid demonspawn (Depths:4)
  12 necromancers
  Pikel (D:7)
  4 bog bodies
  9 large abominations
  17 harpies
  A mana viper (shapeshifter) (Depths:4)
  8 wolf spider zombies (Spider:1)
  12 orb spiders
  A salamander (D:15)
  9 orc sorcerers
  90 deep elf magi
  A stone giant zombie (Depths:1)
  An orb spider (shapeshifter) (Depths:2)
  2 oklob plants
  40 ugly things
  7 shining eyes
  12 fauns
  15 wolf spiders
  2 cyclopes (shapeshifter)
  10 cyclopes
  2 salamanders (shapeshifter)
  14 manticores
  37 moths of wrath
  A worldbinder (Depths:3)
  13 merfolk sirens
  26 elephants
  3 centaur zombies
  3 rust devils (Depths:1)
  Maurice (Orc:2)
  11 black mambas
  Joseph (D:7)
  2 guardian serpents (shapeshifter)
  14 vault sentinels
  Psyche (D:8)
  2 apocalypse crabs (Abyss:3)
  5 ice statues
  3 torpor snails
  2 dire elephant zombies
  2 molten gargoyles (Hell)
  2 orange demons
  A naga mage (Vaults:2)
  A smoke demon (Depths:3)
  2 gargoyles
  15 cane toads
  Maggie (D:8)
  5 water nymphs
  20 komodo dragons
  3 rime drakes
  6 demonic crawlers
  A kobold demonologist (D:15)
  8 redback zombies (Spider:1)
  3 efreet
  10 freezing wraiths
  A tormentor (Depths:4)
  68 yaktaurs
  3 ice devils
  An ancient zyme (Zig:9)
  2 yaktaur skeletons (Depths:1)
  3 red devils
  A catoblepas skeleton (Crypt:1)
  7 guardian mummies (Crypt:3)
  A swamp worm zombie (Crypt:1)
  A pale draconian skeleton (Crypt:1)
  13 jumping spiders
  7 tengu conjurers
  18 hornets
  38 merfolk
  4 hydra zombies
  2 trolls (shapeshifter)
  12 trolls
  5 wind drakes
  11 polar bears
  A hydra skeleton (Hell)
  A meliai (shapeshifter) (Vaults:1)
  A tyrant leech (shapeshifter) (Depths:4)
  Prince Ribbit (D:8)
  11 tarantella zombies (Spider:1)
  A jumping spider zombie (Crypt:1)
  24 blink frogs
  12 snapping turtles
  A frost giant simulacrum (Hell)
  3 raiju (Abyss:3)
  An alligator zombie (Hell)
  2 dream sheep (Shoals:4)
  A fire giant simulacrum (Hell)
  A shock serpent simulacrum (Crypt:2)
  An alligator skeleton (Hell)
  2 air elementals (Zig:8)
  An ettin skeleton (Crypt:3)
  57 flying skulls
  6 shadows
  7 water elementals
  12 wraiths
  54 redbacks
  37 yaks
  A tarantella (shapeshifter) (Elf:1)
  4 vampires
  4 wyverns
  A ynoxinul (Zig:9)
  13 spriggans
  23 tarantellas
  13 fire elementals
  3 basilisks
  2 black mamba skeletons (Crypt:2)
  2 hogs (Spider:3)
  A wind drake zombie (Crypt:2)
  3 humans (Zot:4)
  6 fire bats (Volcano)
  6 golden eyes (Slime:4)
  3 chaos spawn
  A golden eye (shapeshifter) (Depths:3)
  2 steam dragons
  2 neqoxecs
  2 vampire mosquitoes (D:14)
  6 wargs
  A merfolk zombie (Crypt:1)
  A soldier ant (D:15)
  5 acid dragons
  A swamp worm (shapeshifter) (Depths:3)
  5 small abominations
  22 water moccasins
  3 floating eyes
  A floating eye (shapeshifter) (Vaults:5)
  69 orc warriors
  5 ice beasts
  A merfolk skeleton (Crypt:1)
  3 sky beasts
  An alligator simulacrum (Hell)
  15 black bears
  7 eyes of draining
  59 ogres
  4 phantoms
  7 necrophages
  12 wolves
  7 boggarts
  11 centaurs
  16 bullfrogs
  A gnoll sergeant (D:9)
  2 earth elementals (Elf:3)
  A palentonga skeleton (Crypt:1)
  A wyvern zombie (D:12)
  A draconian skeleton (Crypt:1)
  A wyvern skeleton (D:14)
  6 scorpions
  A human simulacrum (Vaults:1)
  2 troll zombies (D:9)
  3 killer bees (D:13)
  17 wights
  A polar bear skeleton (Crypt:2)
  3 electric eels
  6 howler monkeys
  A wolf zombie (Crypt:2)
  19 crimson imps
  10 starcursed masses (Depths:3)
  A bullfrog zombie (D:8)
  6 lava snakes (Volcano)
  4 quasits
  7 jellies
  A human zombie (Crypt:2)
  32 orc priests
  Crazy Yiuf (D:4)
  6 centaur skeletons
  8 hounds
  50 orc wizards
  An iron imp (Depths:1)
  7 hell rats (Hell)
  6 iguanas
  A troll simulacrum (Crypt:3)
  11 worker ants
  A deep dwarf zombie (Crypt:2)
  4 ogre zombies (D:9)
  2 hound zombies
  2 howler monkey skeletons
  3 worker ant zombies
  8 gnolls (D:9)
  13 adders
  A river rat (D:3)
  5 shadow imps
  7 white imps
  An ooze (shapeshifter) (Depths:3)
  2 ufetubi (Depths:4)
  2 adder skeletons
  A lava snake skeleton (Crypt:1)
  3 worms
  2 dart slugs
  8 leopard geckos
  115 orcs
  7 bats
  A bat (shapeshifter) (Vaults:3)
  6 giant cockroaches
  5 goblins
  8 hobgoblins
  15 jackals
  4 quokkas
  4 frilled lizards
  A goblin skeleton (D:9)
  6 goblin zombies (D:9)
  2 hobgoblin skeletons (D:9)
  4 hobgoblin zombies (D:9)
  A jackal zombie (D:5)
  12 kobolds
  A leopard gecko skeleton (D:4)
  2 orc skeletons
  6 orc zombies
  A quokka skeleton (D:5)
  7 rats
  A bush (Lair:1)
  A lurking horror (Depths:3)
  A starspawn tentacle (Abyss:3)
3004 creatures vanquished.

Vanquished Creatures (collateral kills)
  A pandemonium lord (Zig:4)
1 creature vanquished.

Vanquished Creatures (others)
  A draconian knight (Abyss:3)
  Nessos (D:15)
  A merfolk impaler (Shoals:4)
  A hell hog (Abyss:3)
  24 dancing weapons
  2 vampire magi (Zig:11)
  4 deep elf knights
  A soul eater (Zig:11)
  A shadow wraith (Zig:11)
  An unseen horror (D:15)
  A manticore (Shoals:1)
  3 deep elf magi
  A jumping spider (Spider:2)
  A flying skull (Zig:9)
  A tarantella (Spider:2)
  A tarantella (shapeshifter) (Zig:8)
  A human (Zot:4)
  A warg (Vaults:5)
  3 orc warriors
  A small abomination (Abyss:3)
  An orc wizard (Orc:1)
  An orc (Orc:2)
  59 fungi
  10 pillars of salt
  132 plants
  19 starspawn tentacles
273 creatures vanquished.

Grand Total: 3278 creatures vanquished

Notes
Turn   | Place    | Note
-------+----------+-------------------------------------------
     0 | D:1      | Morgon the Gargoyle Fighter began the quest for the Orb.
     0 | D:1      | Reached XP level 1. HP: 14/14 MP: 1/1
   143 | D:1      | Reached XP level 2. HP: 19/19 MP: 2/2
   915 | D:1      | Reached XP level 3. HP: 24/24 MP: 3/3
  1170 | D:2      | Found a shimmering blue altar of Sif Muna.
  1750 | D:3      | Reached XP level 4. HP: 15/29 MP: 4/4
  1795 | D:3      | Found a glowing drain.
  1799 | Sewer    | Entered a sewer
  2032 | Sewer    | Noticed a water moccasin
  2049 | Sewer    | Killed a water moccasin
  2050 | Sewer    | Reached XP level 5. HP: 12/33 MP: 5/5
  2535 | D:3      | Noticed an ogre
  2542 | D:3      | Reached XP level 6. HP: 33/38 MP: 6/6
  2547 | D:3      | Reached skill level 5 in Maces & Flails
  2547 | D:3      | Reached skill level 5 in Armour
  2657 | D:3      | Found a shadowy altar of Dithmenos.
  3615 | D:4      | Reached XP level 7. HP: 40/43 MP: 7/7
  4022 | D:4      | Found a runed translucent door.
  4023 | D:4      | Noticed Crazy Yiuf
  4151 | D:4      | Killed Crazy Yiuf
  4259 | D:5      | Entered Level 5 of the Dungeon
  4335 | D:5      | Found Capisma's Distillery.
  4427 | D:5      | Found a shimmering altar of Xom.
  4506 | D:5      | Reached XP level 8. HP: 48/48 MP: 8/8
  4767 | D:5      | Noticed a two-headed ogre
  4794 | D:5      | Killed a two-headed ogre
  4837 | D:5      | Found a basalt altar of Yredelemnul.
  5000 | D:5      | Found a staircase to the Ecumenical Temple.
  5018 | Temple   | Entered the Ecumenical Temple
  5132 | Temple   | Became a worshipper of Gozag Ym Sagoz the Greedy
  5330 | D:6      | Reached skill level 10 in Maces & Flails
  5351 | D:6      | Got a pair of steaming boots
  5363 | D:6      | Identified the +2 pair of boots of Perpetual Drought
                  | {Regen+ Str+3 Int+3} (You found it on level 6 of the
                  | Dungeon)
  5743 | D:5      | Reached XP level 9. HP: 52/52 MP: 9/9
  6382 | D:6      | Killed an unseen horror
  6875 | D:7      | Noticed Pikel
  6896 | D:7      | Killed Pikel
  6897 | D:7      | Reached XP level 10. HP: 56/56 MP: 10/10
  7225 | D:7      | Found a hide-covered altar of Uskayaw.
  7293 | D:7      | Noticed Joseph
  7331 | D:7      | Killed Joseph
  7732 | D:8      | Reached skill level 5 in Fighting
  7867 | D:8      | Noticed Psyche
  7873 | D:8      | Killed Psyche
  8024 | D:8      | Noticed Prince Ribbit
  8031 | D:8      | Killed Prince Ribbit
  8324 | D:8      | Noticed Maggie
  8344 | D:8      | Killed Maggie
  8542 | D:8      | Found Hulif Rem's Distillery.
  8685 | D:9      | Reached skill level 10 in Armour
  8685 | D:9      | Reached XP level 11. HP: 47/63 MP: 11/11
  8726 | D:9      | Found an iron altar of Okawaru.
  8767 | D:9      | Found a staircase to the Lair.
  9164 | D:9      | Found a staircase to the Orcish Mines.
  9509 | D:9      | Found a glowing silver altar of Zin.
  9509 | D:9      | Found a sacrificial altar of Ru.
  9509 | D:9      | Found a snail-covered altar of Cheibriados.
  9684 | D:10     | Entered Level 10 of the Dungeon
 11102 | D:11     | Got a crude golden ring
 11107 | D:11     | Identified the ring "Apuu" {Fire *Contam *Corrode +Blink
                  | Dex+10} (You found it on level 11 of the Dungeon)
 11165 | D:11     | Found an opulent altar of Gozag.
 11166 | D:11     | Found a runed translucent gate.
 11167 | D:11     | Found a runed translucent gate.
 11167 | D:11     | Found a runed translucent gate.
 11416 | D:11     | Noticed a purple ugly thing
 11447 | D:10     | Killed a purple ugly thing
 11722 | D:11     | Noticed Charmandara's ghost (journeyman GrEE)
 11723 | D:11     | Noticed a flayed ghost
 12296 | Lair:1   | Entered Level 1 of the Lair of Beasts
 13281 | Lair:1   | Reached XP level 12. HP: 75/75 MP: 12/12
 13592 | Lair:2   | Reached skill level 10 in Fighting
 13857 | Lair:1   | Bought the +8 orange crystal plate armour {Archmagi, Int+3
                  | Clar} for 2167 gold pieces
 13857 | Lair:1   | Found the +8 orange crystal plate armour {Archmagi, Int+3
                  | Clar}
 14020 | Lair:2   | Found a staircase to the Shoals.
 14571 | Lair:3   | Reached XP level 13. HP: 80/82 MP: 13/13
 15196 | Lair:3   | Reached skill level 15 in Armour
 15530 | Lair:4   | Found a dark tunnel.
 15538 | Volcano  | Entered a volcano
 15826 | Volcano  | Found a radiant altar of Vehumet.
 15852 | Volcano  | Found a bloodstained altar of Trog.
 16079 | Lair:4   | Identified the Handbook of Fiery Calling
 16219 | Lair:4   | Found a hole to the Spider Nest.
 17111 | Lair:5   | Gained mutation: Your large and strong wings let you fly
                  | indefinitely. [Gargoyle growth]
 17111 | Lair:5   | Reached XP level 14. HP: 95/95 MP: 14/14
 17762 | Lair:6   | Entered Level 6 of the Lair of Beasts
 17976 | Lair:5   | Reached skill level 15 in Fighting
 18032 | Lair:6   | Found a staircase to the Slime Pits.
 18083 | Lair:6   | Found a transporter.
 18086 | Lair:6   | Found a transporter.
 18086 | Lair:6   | Found a bloodstained altar of Trog.
 18091 | Lair:6   | Noticed Strat's ghost (journeyman VSHu)
 18091 | Lair:6   | Identified the cursed +1 trident of Huocs {antimagic,
                  | Stlth+}
 18103 | Lair:6   | Reached skill level 5 in Shields
 18118 | Lair:6   | Killed Strat's ghost
 18858 | Lair:6   | Reached skill level 10 in Shields
 19041 | Lair:5   | Reached XP level 15. HP: 97/103 MP: 15/15
 19392 | Lair:6   | Got a crude lajatang
 19394 | Lair:6   | Identified the +4 lajatang of Guilt {drain, +Inv Str+4}
                  | (You found it on level 6 of the Lair of Beasts)
 19646 | Orc:1    | Entered Level 1 of the Orcish Mines
 19832 | Orc:1    | Found a transporter.
 19932 | Orc:1    | Identified the cursed +1 great mace "Ushrumit" {distort,
                  | rC+}
 19973 | Orc:1    | Noticed Snorg
 19985 | Orc:1    | Killed Snorg
 20116 | Orc:1    | Found a one-way gate to the infinite horrors of the Abyss.
 20128 | Orc:1    | Found a transporter.
 20447 | Orc:1    | Noticed an orc warlord
 20506 | Orc:1    | Killed an orc warlord
 20943 | Orc:1    | Found a roughly hewn altar of Beogh.
 21139 | Orc:1    | Noticed Goxav's ghost (journeyman HaWz)
 21477 | Orc:2    | Entered Level 2 of the Orcish Mines
 21845 | Orc:2    | Noticed Maurice
 21895 | Orc:2    | Killed Maurice
 21950 | Orc:2    | Noticed Jorgrun
 22036 | Orc:1    | Killed Jorgrun
 22247 | Orc:2    | Noticed Donald
 22271 | Orc:2    | Killed Donald
 22387 | Orc:2    | Noticed Urug
 22568 | Orc:1    | Killed Urug
 22569 | Orc:1    | Reached skill level 15 in Shields
 22729 | Orc:2    | Found Peikhuhy's Magic Scroll Emporium.
 22776 | Orc:2    | Reached XP level 16. HP: 96/108 MP: 16/16
 22852 | Orc:2    | Found Ugudiamu's Assorted Antiques.
 22899 | Orc:2    | Found Zokulo Bobu's Distillery.
 22917 | Orc:2    | Bought a scroll labelled QOCKU GUOQ for 24 gold pieces
 22941 | Orc:2    | Bought a scroll of brand weapon for 280 gold pieces
 22941 | Orc:2    | Bought a scroll of enchant armour for 105 gold pieces
 22941 | Orc:2    | Bought a scroll of magic mapping for 49 gold pieces
 22941 | Orc:2    | Bought a scroll of magic mapping for 49 gold pieces
 22946 | Orc:2    | Found Heprueqai's Distillery.
 22989 | Orc:2    | Found a staircase to the Elven Halls.
 23480 | D:12     | Reached skill level 15 in Maces & Flails
 23752 | D:13     | Found a gate to the Vaults.
 23919 | D:13     | Found a flickering gateway to a bazaar.
 23999 | Bazaar   | Entered a bazaar
 23999 | Bazaar   | Found Qudox's Jewellery Emporium.
 23999 | Bazaar   | Found Turuejos's Gadget Shoppe.
 23999 | Bazaar   | Found Biecwuri's Armour Emporium.
 24001 | Bazaar   | Found Xauw Gukh's Weapon Shoppe.
 24033 | Bazaar   | Bought the ring "Metweacs" {rN++ EV+4 Str-4 Int+3} for 462
                  | gold pieces
 24592 | D:13     | Found a blossoming altar of Fedhas.
 24998 | Shoals:1 | Entered Level 1 of the Shoals
 25484 | Shoals:1 | Found Nargh's General Store.
 25528 | Shoals:1 | Identified Sif Muna's Compendium of Conjuration and the
                  | Compass
 25632 | Shoals:1 | Found Nedd's Distillery.
 25899 | Shoals:1 | Found Reyp's Armour Shop.
 26081 | Shoals:2 | Noticed Aizul
 26097 | Shoals:2 | Killed Aizul
 26337 | Shoals:2 | Noticed Ilsuiw
 26378 | Shoals:2 | Killed Ilsuiw
 26498 | Shoals:2 | Reached XP level 17. HP: 113/113 MP: 17/17
 26615 | Shoals:2 | Noticed Polyphemus
 26634 | Shoals:2 | Killed Polyphemus
 28363 | Shoals:4 | Entered Level 4 of the Shoals
 28363 | Shoals:4 | Found Zuej Heu's Book Shop.
 28958 | Shoals:4 | Got a barnacled rune of Zot
 29164 | Shoals:4 | Identified the +6 quarterstaff "Niffy" {pain, rC+ Int+2
                  | Dex+3}
 29734 | Shoals:4 | Reached XP level 18. HP: 119/119 MP: 18/18
 31098 | D:15     | Entered Level 15 of the Dungeon
 31444 | D:15     | Found Godghag's Distillery.
 31526 | D:15     | Bought a potion of heal wounds for 80 gold pieces
 31526 | D:15     | Bought a potion of heal wounds for 80 gold pieces
 31935 | D:15     | Noticed Nessos
 31940 | D:15     | Killed Nessos
 31991 | D:15     | Found a staircase to the Depths.
 32244 | Lair:1   | Bought a +2 pair of gloves of strength for 322 gold pieces
 32457 | Vaults:1 | Entered Level 1 of the Vaults
 32546 | Vaults:1 | Paralysed by an ogre mage for 4 turns
 32564 | Vaults:1 | Paralysed by an ogre mage for 2 turns
 32686 | Vaults:1 | Noticed Nikola
 32703 | Vaults:1 | Killed Nikola
 33434 | Vaults:1 | Reached XP level 19. HP: 85/132 MP: 19/19
 34232 | Elf:1    | Entered Level 1 of the Elven Halls
 34709 | Elf:1    | Found Edocuale's Magic Scroll Shoppe.
 35613 | Vaults:2 | Reached skill level 1 in Dodging
 36238 | Vaults:2 | Found a runed translucent gate.
 36238 | Vaults:2 | Found an ancient bone altar of Kikubaaqudgha.
 36238 | Vaults:2 | Noticed a lich
 36238 | Vaults:2 | Noticed a lich
 36239 | Vaults:2 | Found a runed translucent gate.
 36239 | Vaults:2 | Found a runed translucent gate.
 36239 | Vaults:2 | Noticed an ancient lich
 36239 | Vaults:2 | Noticed Kipt's ghost (adept SpFE)
 36242 | Vaults:2 | Found the +7 great mace "Undeadhunter" {disrupt, rN+}
 36365 | Vaults:2 | Reached skill level 5 in Dodging
 36907 | Vaults:2 | Identified the Handbook of Venom
 37005 | Vaults:2 | Found a staircase to the Crypt.
 37571 | Vaults:2 | Killed a lich
 37621 | Vaults:2 | Killed an ancient lich
 37623 | Vaults:2 | Killed a lich
 37624 | Vaults:2 | Reached XP level 20. HP: 77/140 MP: 20/20
 37653 | Vaults:2 | Killed Kipt's ghost
 37846 | Vaults:2 | Noticed a Tzitzimitl
 37923 | Vaults:2 | Identified Kikubaaqudgha's Grimoire of Black Magic
 37966 | Vaults:2 | Got a slimy brass ring
 37968 | Vaults:2 | Identified the ring of the Unkillable {+Fly rC+ rN+} (You
                  | found it on level 2 of the Vaults)
 37972 | Vaults:2 | Got a transparent cloak
 37973 | Vaults:2 | Identified the cursed +0 cloak "Anyofoyts" {+Inv rPois rC++
                  | Int-3} (You found it on level 2 of the Vaults)
 37980 | Vaults:2 | Got a steaming steel ring
 37983 | Vaults:2 | Identified the cursed ring "Xieklul" {AC-4 Str+8 Int-2
                  | Dex-3 SInv} (You found it on level 2 of the Vaults)
 38310 | Lair:1   | Bought a +2 helmet of see invisible for 408 gold pieces
 38780 | Vaults:3 | Reached skill level 10 in Dodging
 39076 | Vaults:3 | Noticed Asterion
 39107 | Vaults:3 | Killed Asterion
 39145 | Vaults:3 | Noticed a Brimstone Fiend
 39218 | Vaults:3 | Reached skill level 1 in Spellcasting
 39678 | Vaults:3 | Noticed Saint Roka
 39860 | Vaults:3 | Identified a scroll of acquirement
 40103 | Vaults:3 | Noticed Jory
 40118 | Vaults:3 | Killed Jory
 40119 | Vaults:3 | Reached skill level 5 in Spellcasting
 40123 | Vaults:3 | Learned a level 3 spell: Stone Arrow
 40374 | Vaults:3 | Reached skill level 1 in Conjurations
 40522 | Vaults:3 | Killed Saint Roka
 40646 | Vaults:3 | Cast into level 3 of the Abyss (a deep elf sorcerer)
 40660 | Abyss:3  | Found a corrupted altar of Lugonu.
 40706 | Abyss:3  | Reached skill level 5 in Conjurations
 40706 | Abyss:3  | Reached skill level 1 in Earth Magic
 40812 | Abyss:3  | Reached XP level 21. HP: 146/146 MP: 23/28
 40975 | Abyss:3  | Gained mutation: Your spells are a little easier to cast,
                  | but a little less powerful. [a shining eye]
 40989 | Abyss:3  | Reached skill level 5 in Earth Magic
 40998 | Vaults:3 | Escaped the Abyss
 41077 | Vaults:3 | Lost mutation: Your spells are a little easier to cast, but
                  | a little less powerful. [potion of mutation]
 41077 | Vaults:3 | Gained mutation: Your muscles are strong. (Str +2) [potion
                  | of mutation]
 41077 | Vaults:3 | Gained mutation: You have sharp toenails. [potion of
                  | mutation]
 41077 | Vaults:3 | Gained mutation: You have razor-sharp toenails. [potion of
                  | mutation]
 41113 | Vaults:3 | Acquired the ring of Olil {Wiz Dex+3}
 41287 | Vaults:3 | Learned a level 5 spell: Lee's Rapid Deconstruction
 41609 | Vaults:4 | Paralysed by a great orb of eyes for 4 turns
 41781 | Vaults:4 | Noticed Mennas
 41888 | Vaults:3 | Killed Mennas
 41924 | Vaults:4 | Reached skill level 10 in Earth Magic
 43863 | Spider:1 | Entered Level 1 of the Spider Nest
 45021 | Spider:3 | Noticed Arachne
 45090 | Spider:2 | Killed Arachne
 45366 | Spider:3 | Noticed Kirke
 45389 | Spider:3 | Killed Kirke
 45542 | Spider:4 | Entered Level 4 of the Spider Nest
 45702 | Spider:4 | Reached XP level 22. HP: 152/152 MP: 19/34
 45845 | Spider:4 | Learned a level 5 spell: Iskenderun's Battlesphere
 46551 | Spider:4 | Reached skill level 10 in Spellcasting
 46727 | Spider:4 | Got a gossamer rune of Zot
 46808 | Spider:4 | Upgraded the game from 0.26.0-20-g3ca415f5b8 to
                  | 0.26.0-41-g79a4fc7684
 47293 | Vaults:5 | Entered Level 5 of the Vaults
 47785 | Vaults:5 | Reached skill level 15 in Earth Magic
 47944 | Vaults:4 | Learned a level 6 spell: Iron Shot
 47995 | Vaults:5 | Noticed Frederick
 48003 | Vaults:5 | Killed Frederick
 48266 | Vaults:5 | Found Lonaf's Armour Boutique.
 48482 | Vaults:5 | Reached skill level 10 in Conjurations
 48486 | Vaults:5 | Got a scorched silver amulet
 48501 | Vaults:5 | Reached XP level 23. HP: 156/156 MP: 37/37
 48537 | Vaults:5 | Identified the amulet "Avoa" {Inacc Fragile +Fly rF- Int+7}
                  | (You found it on level 5 of the Vaults)
 48548 | Vaults:5 | Identified Raguabie's Guide on the Oath and Confrontation
 48574 | Vaults:5 | Identified Theurgy Continued
 49405 | Vaults:5 | Identified the +5 short sword "Demonslayer" {protect, +Fly
                  | rN+++ Str-5 Int+2}
 49415 | Vaults:5 | Paralysed by a floating eye for 2 turns
 49555 | Vaults:5 | Noticed a golden dragon
 49570 | Vaults:5 | Noticed a golden dragon
 49646 | Vaults:5 | Killed a golden dragon
 49690 | Vaults:5 | Got a silver rune of Zot
 50213 | Vaults:5 | Killed a golden dragon
 50569 | Vaults:5 | Bought the +3 warlock's mirror {reflect} for 880 gold
                  | pieces
 50569 | Vaults:5 | Found the +3 warlock's mirror {reflect}
 51409 | Elf:2    | Found a huge runed translucent gate.
 51409 | Elf:2    | Found a huge runed translucent gate.
 51409 | Elf:2    | Found a huge runed translucent gate.
 51409 | Elf:2    | Found a huge runed translucent gate.
 51411 | Elf:2    | Found a huge runed translucent gate.
 52294 | Elf:2    | Reached skill level 15 in Conjurations
 52780 | Elf:3    | Entered Level 3 of the Elven Halls
 52784 | Elf:3    | Acquired 903 gold pieces
 52955 | Elf:3    | Found Bagg's Gadget Boutique.
 52967 | Elf:3    | Found Ciahoi's Armour Boutique.
 52969 | Elf:3    | Found Lugabeo's Antique Weapon Boutique.
 52969 | Elf:3    | Found Tuxuoxt's Antique Weapon Boutique.
 53171 | Elf:3    | Found Fuceddad's Antique Armour Shoppe.
 53178 | Elf:3    | Bought a glowing cloak for 292 gold pieces
 53558 | Elf:3    | Reached XP level 24. HP: 163/163 MP: 38/38
 53578 | Elf:3    | Identified the +10 hand axe of Hanuolyfyph {vorpal, +Fly
                  | rPois Int-5 Dex-2}
 53578 | Elf:3    | Identified the +2 robe of the Hidden Gods {rPois Str+5}
 54120 | Elf:3    | Got a distressingly furry helmet
 54121 | Elf:3    | Identified the +1 helmet of Noughts and Crosses {Will+
                  | Regen+ Slay+3} (You found it on level 3 of the Elven Halls)
 54135 | Elf:3    | Got a fine bronze ring
 54162 | Elf:3    | Identified the ring "Diod" {*Tele Dex+4} (You found it on
                  | level 3 of the Elven Halls)
 54474 | Lair:1   | Acquired 719 gold pieces
 54511 | Lair:1   | Bought a scroll of enchant weapon for 90 gold pieces
 54548 | Lair:1   | Bought a +1 pair of boots of running for 693 gold pieces
 54559 | Lair:1   | Bought a +0 crystal plate armour for 1280 gold pieces
 54918 | D:9      | Fell from the grace of Gozag
 54918 | D:9      | Became a worshipper of Zin the Law-Giver
 54918 | D:9      | Reached * piety under Zin
 54918 | D:9      | Reached ** piety under Zin
 55161 | Crypt:1  | Entered Level 1 of the Crypt
 55343 | Crypt:1  | Reached *** piety under Zin
 55831 | Crypt:1  | Reached **** piety under Zin
 56447 | Crypt:2  | Reached skill level 1 in Invocations
 56736 | Crypt:2  | Reached ***** piety under Zin
 57030 | Crypt:2  | Reached skill level 5 in Invocations
 57393 | Crypt:3  | Entered Level 3 of the Crypt
 57821 | Crypt:3  | Reached ****** piety under Zin
 57952 | Crypt:3  | Got a masterwork great mace
 57953 | Crypt:3  | Identified the +4 great mace of Tenacity {elec, rC-
                  | Will+++} (You found it on level 3 of the Crypt)
 58077 | Crypt:3  | Reached skill level 10 in Invocations
 58110 | Crypt:3  | Found a basalt altar of Yredelemnul.
 58178 | Crypt:3  | Reached XP level 25. HP: 168/168 MP: 39/39
 58875 | Crypt:3  | Found a staircase to the Tomb.
 58875 | Crypt:3  | Noticed Khufu
 58903 | Crypt:3  | Killed Khufu
 59437 | Shoals:4 | Bought a book of Minor Magic for 360 gold pieces
 59451 | Shoals:4 | Learned a level 2 spell: Blink
 59584 | Lair:1   | Acquired a book of Annihilations
 59590 | Lair:1   | Learned a level 1 spell: Apportation
 59753 | Depths:1 | Entered Level 1 of the Depths
 59836 | Depths:1 | Found a runed translucent door.
 59838 | Depths:1 | Noticed Xaggyof's ghost (veteran MiFi)
 60430 | Depths:1 | Found a gateway to Hell.
 61250 | Hell     | Entered the Vestibule of Hell
 61253 | Hell     | Noticed Geryon
 61274 | Hell     | Found a gateway to the freezing wastes of Cocytus.
 61303 | Hell     | Found a gateway to the Iron City of Dis.
 61499 | Hell     | Reached skill level 15 in Invocations
 61754 | Hell     | Killed Geryon
 61841 | Hell     | Reached skill level 1 in Translocations
 62030 | Hell     | Learned a level 4 spell: Iskenderun's Mystic Blast
 62151 | Hell     | Found a gateway to the decaying netherworld of Tartarus.
 62252 | Hell     | Reached skill level 5 in Translocations
 62327 | Hell     | Found a gateway to the ashen valley of Gehenna.
 62947 | Depths:2 | Reached XP level 26. HP: 174/174 MP: 39/39
 63366 | Depths:2 | Was forgiven by Gozag
 64301 | Depths:2 | Found a runed translucent door.
 64307 | Depths:2 | Noticed a juggernaut
 64333 | Depths:2 | Killed a juggernaut
 64809 | Depths:3 | Found a transporter.
 64810 | Depths:3 | Found a corrupted altar of Lugonu.
 65105 | Depths:3 | Found a transporter.
 65463 | Depths:3 | Found a corrupted altar of Lugonu.
 65634 | Depths:3 | Found a one-way gate leading to the halls of Pandemonium.
 65995 | Depths:4 | Found a gateway to a ziggurat.
 66009 | Zig:1    | Entered Level 1 of a ziggurat
 66041 | Zig:2    | Entered Level 2 of a ziggurat
 66056 | Zig:2    | Reached XP level 27. HP: 179/179 MP: 39/39
 66058 | Zig:2    | Got a wavering amethyst amulet
 66067 | Zig:2    | Identified the amulet of Morality {Inacc Str+2 Int+4} (You
                  | found it on level 2 of a ziggurat)
 66072 | Zig:3    | Entered Level 3 of a ziggurat
 66236 | Zig:4    | Entered Level 4 of a ziggurat
 66239 | Zig:4    | Noticed Xyepn the pandemonium lord
 66290 | Zig:4    | Killed Xyepn the pandemonium lord
 66358 | Zig:5    | Entered Level 5 of a ziggurat
 66455 | Zig:5    | Got a fine emerald amulet
 66457 | Zig:5    | Identified the amulet "Zaekk" {Spirit +Inv +Fly} (You found
                  | it on level 5 of a ziggurat)
 66485 | Zig:6    | Entered Level 6 of a ziggurat
 66592 | Zig:7    | Entered Level 7 of a ziggurat
 66598 | Zig:7    | Noticed an ancient lich
 66623 | Zig:7    | Killed an ancient lich
 66785 | Zig:8    | Entered Level 8 of a ziggurat
 66874 | Zig:9    | Entered Level 9 of a ziggurat
 67071 | Zig:9    | Got a pitted cloak
 67081 | Zig:9    | Got a vibrating steel ring
 67092 | Zig:9    | Identified the +2 cloak "Munlob" {-Tele rC+ Int+5} (You
                  | found it on level 9 of a ziggurat)
 67093 | Zig:9    | Identified the ring "How Japp" {*Tele Str+3} (You found it
                  | on level 9 of a ziggurat)
 67109 | Zig:10   | Entered Level 10 of a ziggurat
 67219 | Zig:10   | Identified the Reference Book on the Frostbite and Flight
 67244 | Zig:11   | Entered Level 11 of a ziggurat
 67294 | Zig:11   | Paralysed by a vampire knight for 4 turns
 67459 | Zig:11   | Got a coiled jade amulet
 67460 | Zig:11   | Identified the amulet of Pessimism {Reflect rF+ SH+5} (You
                  | found it on level 11 of a ziggurat)
 67477 | Zig:12   | Entered Level 12 of a ziggurat
 67622 | Zig:12   | Identified the Almanac of the Glacier and Ignition
 67636 | Zig:12   | Identified the Reference Book on Attacks
 67647 | Zig:12   | Got a dazzling tower shield
 67651 | Zig:12   | Identified the +6 tower shield of the Wary Xenophobes
                  | {rPois} (You found it on level 12 of a ziggurat)
 67672 | Zig:13   | Entered Level 13 of a ziggurat
 67710 | Zig:13   | Noticed an ancient lich
 67771 | Zig:13   | Got a wavering jade amulet
 67813 | Zig:13   | Killed an ancient lich
 68075 | Zig:13   | Identified the amulet of Zesitaf {Spirit rF+ Will+ Str+3}
                  | (You found it on level 13 of a ziggurat)
 68097 | Zig:13   | Got a transparent steel amulet
 68098 | Zig:13   | Identified the amulet "Qeistre" {Reflect rC+ Str+4 SH+5}
                  | (You found it on level 13 of a ziggurat)
 68200 | Zig:13   | Learned a level 5 spell: Bolt of Magma
 69318 | Depths:4 | Reached skill level 15 in Spellcasting
 69355 | Depths:4 | Reached skill level 1 in Fire Magic
 69361 | Depths:4 | Paralysed by a floating eye for 2 turns
 69541 | Depths:4 | Found an ancient bone altar of Kikubaaqudgha.
 69718 | Depths:4 | Learned a level 5 spell: Fireball
 69927 | Depths:5 | Entered Level 5 of the Depths
 69927 | Depths:5 | Noticed a juggernaut
 69934 | Depths:5 | Killed a juggernaut
 69935 | Depths:5 | Reached skill level 5 in Fire Magic
 70526 | Depths:5 | Reached skill level 10 in Fire Magic
 70663 | Depths:5 | Found a gate to the Realm of Zot.
 70902 | Depths:5 | Found Xuozoy's Antique Armour Shoppe.
 70946 | Depths:5 | Found Baelieg's Antique Weapon Shoppe.
 70950 | Depths:5 | Found Qifrynt's Antique Armour Emporium.
 71026 | Depths:5 | Found Ugajaff's Antique Weapon Boutique.
 71073 | Depths:5 | Found Nohucw's Gadget Emporium.
 71639 | Slime:1  | Entered Level 1 of the Pits of Slime
 72502 | Slime:3  | Paralysed by a floating eye for 2 turns
 74119 | Slime:5  | Entered Level 5 of the Pits of Slime
 74754 | Slime:5  | Found the +3 crown of Dyrovepreva {rElec Int+2 SInv}
 74755 | Slime:5  | Found a viscous altar of Jiyva.
 74765 | Slime:5  | Found the macabre finger necklace {rN+}
 74789 | Slime:5  | Noticed the Royal Jelly
 74840 | Slime:5  | Killed the Royal Jelly
 74915 | Slime:5  | Got a smoking pewter amulet
 74916 | Slime:5  | Identified the Incunabulum of the Dusty Frostbite
 74936 | Slime:5  | Identified the amulet "Sainetei" {Faith Stlth+} (You found
                  | it on level 5 of the Pits of Slime)
 74978 | Slime:5  | Got a slimy rune of Zot
 75554 | Depths:3 | Paralysed by accursed screaming for 1 turns
 75597 | Depths:3 | Paralysed by accursed screaming for 1 turns
 75628 | Depths:3 | Paralysed by accursed screaming for 1 turns
 75783 | Depths:3 | Got a transparent amber ring
 75787 | Depths:3 | Identified the ring of Riyghik {rPois EV+4} (You found it
                  | on level 3 of the Depths)
 76404 | Zot:1    | Entered Level 1 of the Realm of Zot
 76436 | Zot:1    | You are sucked into a shaft and drop 1 floor!
 76849 | Zot:1    | Found a transporter.
 76942 | Zot:1    | Found a transporter.
 78202 | Hell     | Upgraded the game from 0.26.0-41-g79a4fc7684 to
                  | 0.26.0-45-g9c1d065592
 79637 | Zot:3    | You are sucked into a shaft and drop 1 floor!
 79970 | Zot:3    | Found a transporter.
 80008 | Zot:3    | Found the +0 mask of the Dragon {Will+ Slay+3 SInv}
 80016 | Zot:3    | Found a transporter.
 81779 | Zot:5    | Entered Level 5 of the Realm of Zot
 82062 | Zot:5    | Noticed an orb of fire
 82079 | Zot:4    | Killed an orb of fire
 82175 | Zot:5    | Noticed an orb of fire
 82190 | Zot:5    | Killed an orb of fire
 82250 | Zot:5    | Noticed an ancient lich
 82268 | Zot:5    | Killed an ancient lich
 82351 | Zot:5    | Noticed an orb of fire
 82361 | Zot:5    | Killed an orb of fire
 82730 | Zot:5    | Noticed an orb of fire
 82731 | Zot:5    | Noticed an orb of fire
 82745 | Zot:5    | Killed from afar by an orb of fire

Illustrated notes

Levels and vault maps discovered:
D:1:      co_arrival_square_in_a_square_in_a_square, layout_basic
D:2:      layout_loops_ring, led_sif_pool
D:3:      layout_rooms, nicolae_dithmenos_shadow_blocks, gup_sewer_entry_bowl
D:4:      cheibrodos_helix_gallery, layout_basic, uniq_crazy_yiuf_cottage
D:5:      layout_cave_pools, led_xom_imps, temple_hall, serial_shops,
          nicolae_shop_stone, minmay_misc_feat_diagonals, lemuel_altar_in_water
D:6:      layout_layer_cave, kb_rosetta
D:7:      layout_basic, basic_altar, lightli_orcish_oven, uniq_pikel,
          uniq_joseph
D:8:      layout_basic, serial_shops, shop, uniq_prince_ribbit1, uniq_maggie,
          uniq_psyche
D:9:      layout_small_grid, gammafunk_temple_overflow_claw,
          grunt_lair_entry_orc_guard_hut, zombieorc1_lemuel, serial_glass,
          glass_columns_c, glass_columns_a, glass_columns_a, glass_columns_b,
          glass_columns_a, glass_columns_b, glass_columns_a, glass_columns_a,
          okawaru_trees_1
D:10:     layout_irregular_city, st_stairs_4
D:11:     layout_gridville, ebering_ghost_gozag
D:12:     layout_cave_pools
D:13:     layout_small_grid, david_vaults_1, serial_shops, bzr_entry_lakeside,
          drop_trap, fedhas_altar_fruit_tree
D:14:     layout_roguey
D:15:     hangedman_depths_entry_try_elsewhere_first, layout_basic,
          minivault_25, serial_shops, shop, uniq_nessos
Temple:   nicolae_temple_elliptical
Lair:1:   layout_roguey, lemuel_fruit_tree
Lair:2:   beast_lair_carwin_large_4, layout_chaotic_city, shoals_dummy_entry,
          grunt_megastairs_3, infiniplex_staircase_pool_2
Lair:3:   layout_cave_pods
Lair:4:   layout_regular_city, spider_nest_entry_web_field, enter_volcano_2,
          grunt_megastairs_1, serial_bayou_shore_a
Lair:5:   layout_small_grid, grunt_forest_stairs_clearing, grunt_megastairs_2
Lair:6:   gammafunk_lair_ancient_temple, layout_regular_city,
          minmay_slime_entry_pillars, gammafunk_ghost_wrathful_warriors,
          patterned_corridor, lemuel_fruit_fields
Shoals:1: layout_shoals, serial_shops, shop, shop, shop_statue,
          dpeg_stationary_puzzle
Shoals:2: layout_shoals, uniq_ilsuiw, uniq_polyphemus, uniq_aizul
Shoals:3: cheibrodos_shoals_roost, layout_shoals, nicolae_shoals_square_sea_wall
Shoals:4: shoals_end_grunt_ice, layout_shoals, serial_shops,
          nicolae_shop_statue_plus
Spider:1: lemuel_spider_zombies
Spider:2: layout_spider_delve, nicolae_spider_cling_ruins
Spider:3: layout_spider_delve, drop_trap, uniq_arachne, uniq_kirke
Spider:4: grunt_spider_rune_circles
Slime:1:  cheibrodos_slime_lost_civilization_2, layout_caves
Slime:2:  layout_caves
Slime:3:  layout_caves
Slime:4:  layout_caves
Slime:5
Orc:1:    orc_temple, layout_caves, gammafunk_ghost_abyssal_escape, uniq_snorg
Orc:2:    st_orc_open, layout_diamond_mine, uniq_jorgrun, uniq_maurice,
          uniq_urug, uniq_donald
Elf:1:    minmay_elf_arrival_plus, layout_geoelf_octagon, serial_shops,
          nicolae_shop_trees, hangedman_elf_disciples
Elf:2:    layout_rooms, elves_outpost_lemuel
Elf:3:    elf_hall, layout_loops_cross, serial_shops, shop,
          minmay_shop_grid_forest
Vaults:1: nicolae_vaults_little_ls, nicolae_vaults_triangles,
          nicolae_vaults_mini_display_case,
          vaults_standard_mumra_enter_the_diamond, v_misc_1,
          nicolae_vaults_network_quinsquares
          [nicolae_vaults_network_quincunx_subvault,
          nicolae_vaults_network_quincunx_subvault,
          nicolae_vaults_network_quincunx_subvault,
          nicolae_vaults_network_quincunx_subvault], v_misc_9,
          vaults_room_stairs_pillars, st_lattice, vaults_room_semicircle,
          hangedman_vaults_stretched_pinwheel, vaults_room_hallway,
          ontoclasm_vaults_shuriken, layout_vaults_ring, uniq_nikola
Vaults:2: gammafunk_vaults_ghost_crypt, vaults_room_fancy_cross, st_lines,
          nicolae_vaults_network_s, ontoclasm_vaults_spin,
          blue_anna_dwarven_crypt, nicolae_vaults_little_squares_1,
          nicolae_vaults_little_squares_2, layout_vaults_omnigrid,
          serial_hangedman_research, hangedman_research_toxicology
Vaults:3: nicolae_vaults_quartermaster, v_misc_4, v_misc_30, v_rooms_2,
          vaults_standard_mumra_enter_the_diamond, v_misc_28,
          nicolae_vaults_stairing_the_circle, vaults_room_door_ring,
          nicolae_vaults_back_hallway, ontoclasm_vaults_bender, v_misc_23,
          vaults_room_pools, ontoclasm_vaults_idyll, layout_vaults_omnibox,
          uniq_jory, uniq_saint_roka, uniq_asterion
Vaults:4: grunt_vaults_funnel, v_misc_15, vaults_mumra_chevron,
          ontoclasm_vaults_twist, hangedman_vaults_nodes, v_misc_25,
          vaults_standard_mumra_lines, vaults_mumra_minichess,
          ontoclasm_vaults_loading_screen, layout_vaults_maze_bifur,
          uniq_margery, uniq_mennas
Vaults:5: serial_shops, uniq_frederick
Crypt:1:  layout_chaotic_city, minmay_misc_feat_ornament,
          nicolae_crypt_soggy_tomb, minmay_misc_feat_rows, grunt_megastairs_5
Crypt:2:  layout_chaotic_city
Crypt:3:  grunt_crypt_end_deaths_head
Depths:1: layout_gridlike, grunt_hell_entry_demonic_statue,
          minmay_misc_feat_plants, ebering_ghost_inner_flame,
          kennysheep_generic_room_13
Depths:2: grunt_deathspiral_large, layout_honeycomb, hell_entry,
          lightli_gold_pyramid, minmay_staircase_statues, firewood_loft
Depths:3: gammafunk_corrupted_shrine, layout_cave_shapes,
          pf_hell_entry_tar_spiral, serial_bayou_shore_b,
          abyss_entry_flame_altar, rand_demon_pan_entry_4
Depths:4: cell_vault, layout_cave_shapes, enter_ziggurat_e, nicolae_sextant,
          hell_entry, hangedman_abyss_entry_splay, grunt_pan_entry_in_and_out,
          minmay_misc_feat_x, argonaut_fire_from_heaven
Depths:5: evilmike_zot_entry_diamond, layout_long_grid, serial_glass,
          glass_columns_c, glass_columns_b, hell_entry, serial_shops,
          nicolae_shop_window_shopping, shop, nicolae_shop_waterfront,
          abyss_entry, minmay_shoptagon
Hell
Zot:1:    gammafunk_sealed_arena, layout_gridlike
Zot:2:    layout_twisted_circle
Zot:3:    layout_misc_corridors, chequers_guarded_unrand_mask_of_the_dragon
Zot:4:    circus_mu, layout_gridlike, st_single_dragon_hoard_1, evilmike_ambush
          [evilmike_ambush_outer_basic, evilmike_ambush_inner_wall_1]
Zot:5:    layout_basic

Skill      XL: |  1  2  3  4  5  6  7  8  9 10 11 12 13 14 15 16 17 18 19 20 21 22 23 24 25 26 27 |
---------------+----------------------------------------------------------------------------------+-----
Fighting       | 4 5 8 10 13 15 18 20 25 | 25.0
Armour         | 4 5 6 7 10 11 14 15 17 20 23 25 | 25.0
Maces & Flails | 3 4 5 7 10 12 13 14 16 | 16.0
Shields        | 4 11 15 | 15.0
Dodging        | 7 11 | 11.0
Spellcasting   | 5 8 10 11 12 15 | 15.0
Conjurations   | 5 10 15 | 15.0
Earth Magic    | 3 12 15 17 18 20 | 20.0
Invocations    | 10 15 23 | 23.0
Translocations | 6 8 |  8.0
Fire Magic     | 10 | 10.0

Action                   |  1- 3 |  4- 6 |  7- 9 | 10-12 | 13-15 | 16-18 | 19-21 | 22-24 | 25-27 || total
-------------------------+-------+-------+-------+-------+-------+-------+-------+-------+-------++-------
Melee: Flail             |   133 |   147 |   269 |  1155 |  1511 |       |       |       |       ||  3215
       Eveningstar       |       |       |       |       |   152 |  1591 |  1663 |  1376 |  3344 ||  8126
       Sacred scourge    |       |       |       |       |       |       |    82 |   727 |  1214 ||  2023
       Unarmed           |       |       |       |       |       |       |     1 |       |       ||     1
 Cast: Stone Arrow       |       |       |       |       |       |       |    11 |     3 |       ||    14
       Lee's Rapid Decon |       |       |       |       |       |       |     7 |     4 |     5 ||    16
       Iskenderun's Myst |       |       |       |       |       |       |       |       |     3 ||     3
       Iron Shot         |       |       |       |       |       |       |       |       |    69 ||    69
       Bolt of Magma     |       |       |       |       |       |       |       |       |    41 ||    41
       Fireball          |       |       |       |       |       |       |       |       |     3 ||     3
Invok: Call Merchant     |       |       |       |     1 |       |     2 |     2 |     3 |       ||     8
       Potion Petition   |       |       |       |       |       |     1 |       |       |       ||     1
       Recite            |       |       |       |       |       |       |       |     1 |    10 ||    11
       Sanctuary         |       |       |       |       |       |       |       |       |     1 ||     1
 Abil: Stop Flying       |       |       |       |     1 |       |       |       |       |       ||     1
       Evoke Flight      |       |       |       |     1 |       |       |       |       |       ||     1
       Fly               |       |       |       |       |       |     1 |       |       |       ||     1
Evoke: Wand              |       |     1 |     2 |       |       |     2 |     1 |       |       ||     6
       Phantom mirror    |       |       |       |       |       |       |       |       |     1 ||     1
       Tin of tremorston |       |       |       |       |       |       |       |       |     1 ||     1
  Use: Scroll            |     8 |       |     2 |    12 |     9 |    14 |     8 |    15 |    35 ||   103
       Potion            |       |       |       |     1 |     8 |     3 |     8 |     2 |    18 ||    40
 Stab: Invisible         |       |       |     1 |       |     2 |       |     1 |       |       ||     4
       Distracted        |       |       |       |     5 |    10 |    12 |     9 |     3 |       ||    39
       Confused          |       |       |       |       |       |       |       |     1 |     3 ||     4
       Petrified         |       |       |       |       |       |       |       |       |     3 ||     3
Armor: Scale mail        |   115 |    91 |   121 |       |       |       |       |       |       ||   327
       Chain mail        |       |       |    71 |   173 |       |       |       |       |       ||   244
       Plate armour      |       |       |       |   541 |       |       |       |       |       ||   541
       Crystal plate arm |       |       |       |    89 |  1329 |  1049 |   787 |  1231 |  3401 ||  7886
Dodge: Dodged            |    73 |    78 |   123 |   392 |   474 |   439 |   628 |   832 |  2685 ||  5724
Block: Kite shield       |     6 |       |       |       |    58 |  1093 |  1099 |  1043 |  4141 ||  7440
       Buckler           |       |       |       |   104 |   402 |       |       |   187 |       ||   693
       Reflection        |       |       |       |       |     1 |   100 |    88 |    64 |   111 ||   364
